AoeStats
← [HOBO]Drifter

Fortress

509767432Analyzed
4v4 RM · 4d ago on Sep 27, 2026· 20m 30s· 8 players
Game mode
Random Map
Map size
Huge
Population
200
Speed
Normal
Resources
Standard
Victory
Conquest
Starting age
Dark Age
Ending age
Imperial Age
RankedLock teamsTeams togetherTeam positionsShared explorationLock speedFull tech treeHidden civsTurbo modeCheats
Victory
Defeat
🇨🇦 Italians · Canada
1328
+14
🇨🇱 Saracens · Chile
1264
+16
🇨🇳 Japanese · China
1229
+17
🇹🇼 Danes · Taiwan
1223
+18
🇲🇽 Maya · Mexico
1320
-18
🇲🇽 Saxons · Mexico
1263
-16
🇺🇸 Bohemians · United States
1255
-16
🇲🇽 Goths · Mexico
1243
-15
:) YO30830
6:52 Feudal Age
7:17 Double-Bit Axe
8:37 Horse Collar
11:45 Castle Age
10:36 Gold Mining
16:27 Bow Saw
17:41 Loom
victorH
7:39 Feudal Age
11:47 Castle Age
10:11 Double-Bit Axe
11:12 Horse Collar
18:06 Loom
[HOBO]Drifter
9:33 Feudal Age
10:44 Double-Bit Axe
11:00 Loom
13:28 Castle Age
11:21 Horse Collar
14:34 Bow Saw
19:32 Wheelbarrow
El cochi
6:15 Feudal Age
11:35 Castle Age
10:17 Double-Bit Axe
10:13 Horse Collar
12:51 Bow Saw
13:29 Wheelbarrow
17:55 Heavy Plow
17:59 Padded Archer Armor
18:31 Fletching
19:40 Gold Mining
20:07 Hand Cart
EigenVector
7:29 Feudal Age
11:49 Castle Age
9:58 Double-Bit Axe
9:58 Horse Collar
11:21 Gold Mining
12:44 Bow Saw
14:46 Wheelbarrow
15:46 Padded Archer Armor
17:08 Stone Mining
JP Charly
8:59 Feudal Age
12:52 Castle Age
10:49 Double-Bit Axe
16:20 Bow Saw
17:20 Wheelbarrow
16:49 Town Watch
16:50 Loom
17:08 Horse Collar
20:03 Wheelbarrow
椰子
8:09 Feudal Age
9:39 Double-Bit Axe
12:20 Castle Age
10:10 Horse Collar
13:21 Bow Saw
17:05 Heavy Plow
20:43 Wheelbarrow
wuming
8:03 Feudal Age
8:46 Double-Bit Axe
11:43 Castle Age
9:27 Horse Collar
9:59 Gold Mining
13:01 Squires
13:21 Bow Saw
12:58 Loom
15:01 Scale Mail Armor
Connection lost

Rejoining the realm…

Still unreachable

The connection could not be restored.

Session expired

The server has moved on; the page needs a fresh start.